 Dungeon Crawl Stone Soup version 0.31-a0-705-ga145531891 (webtiles) character file.

Game seed: 417766324012507706

562 pokeman the Magician (level 7, -4/40 HPs)
             Began as a Deep Elf Hedge Wizard on Sept 9, 2023.
             Was an Initiate of Vehumet.
             Slain by Duvessa
             ... wielding a +0 short sword
              (6 damage)
             ... on level 5 of the Dungeon.
             The game lasted 00:05:42 (4392 turns).

pokeman the Magician (Deep Elf Hedge Wizard)        Turns: 4392, Time: 00:05:43

Health: -4/40      AC:  2    Str:  7    XL:     7   Next: 10%
Magic:  15/20      EV: 18    Int: 21    God:    Vehumet [......]
Gold:   284        SH:  0    Dex: 14    Spells: 6/21 levels left

rFire   + . .        t - +0 falchion (elec)
rCold   + + .        (no shield)
rNeg    . . .        b - +0 robe
rPois   .            c - +0 hat
rElec   .            r - scarf {rC+ rF+}
rCorr   .            (no gloves)
SInv    .            (no boots)
Will    .....        (no amulet)
Stlth   ++           n - +5 ring of evasion
HPRegen 0.26/turn    a - ring of protection from cold
MPRegen 0.17/turn

%: no passive effects
@: no status effects
A: no striking features
a: Renounce Religion


You were on level 5 of the Dungeon.
You worshipped Vehumet.
Vehumet was noncommittal.
You visited 2 branches of the dungeon, and saw 6 of its levels.

You collected 284 gold pieces.

Inventory:

Hand Weapons
 t - a +0 falchion of electrocution (weapon)
Armour
 b - a +0 robe (worn)
 c - a +0 hat (worn)
 r - a scarf of resistance (worn)
Magical Staves
 h - a staff of fire
Jewellery
 a - a ring of protection from cold (right hand)
 n - a +5 ring of evasion (left hand)
Scrolls
 e - a scroll of butterflies {unknown}
 g - a scroll of enchant weapon {unknown}
 k - a scroll of poison {unknown}
 l - 2 scrolls of identify {unknown}
 m - a scroll of revelation {unknown}
 o - a scroll of fog {unknown}
 s - a scroll of teleportation {unknown}
 u - a scroll of blinking {unknown}
Potions
 d - 2 potions of magic
 f - 2 potions of curing {unknown}
 i - a potion of lignification {unknown}
 j - a potion of haste {unknown}
 p - 2 potions of ambrosia {unknown}
 q - a potion of resistance {unknown}
 v - a potion of enlightenment {unknown}


   Skills:
 - Level 2.0 Fighting
 + Level 1.0 Armour
 - Level 3.0 Dodging
 - Level 3.0 Stealth
 * Level 7.5 Spellcasting
 + Level 3.5 Conjurations
 - Level 1.1 Summonings
 - Level 2.0 Necromancy
 - Level 1.1 Translocations
 + Level 1.3 Fire Magic
 - Level 1.0 Air Magic
 - Level 1.0 Poison Magic
 - Level 1.0 Evocations


You had 6 spell levels left.
You knew the following spells:

 Your Spells              Type           Power      Damage    Failure   Level
a - Magic Dart            Conj           88%        1d7       1%          1
b - Mephitic Cloud        Conj/Pois/Air  15%        N/A       12%         3
c - Call Imp              Summ           24%        N/A       9%          2
d - Blink                 Tloc           24%        N/A       9%          2
e - Dispel Undead         Necr           16%        3d10      34%         4
f - Swiftness             Air            12%        N/A       16%         3

Your spell library contained the following spells:

 Spells                   Type           Power      Damage    Failure   Level
 Shock                    Conj/Air       68%        1d7       3%          1
 Sublimation of Blood     Necr           16%        N/A       5%          2
 Cigotuvi's Dreadful Rot  Necr/Pois/Air  26%        N/A       8%          2
 Slow                     Hex            28%        N/A       9%          1
 Lesser Beckoning         Tloc           24%        N/A       9%          2
 Wereblood                Tmut           7%         N/A       13%         2
 Gell's Gravitas          Tloc           12%        N/A       16%         3
 Teleport Other           Tloc           12%        N/A       16%         3
 Airstrike                Air            6%         2d(1-17)  47%         4
 Death Channel            Necr           8%         N/A       99%         6
 Summon Hydra             Summ           6%         N/A       100%        7


Dungeon Overview and Level Annotations

Branches:
Dungeon (5/15)             Temple (1/1) D:4

Altars:
Ashenzari
Cheibriados
Dithmenos
Elyvilon
Fedhas
Gozag
Kikubaaqudgha
Makhleb
Nemelex Xobeh
Okawaru
Qazlal
Ru
Trog
Uskayaw
Vehumet
Wu Jian
Xom
Zin
The Shining One

Annotations:
D:5 Dowan, Duvessa


Message History

Dowan is engulfed in noxious fumes.
Dowan appears confused.
You barely miss Duvessa.
Duvessa is lightly wounded.
Dowan grins madly.
Duvessa misses you.
You hit Duvessa.
Duvessa is lightly wounded.
Duvessa looks very confused.
Duvessa hits Dowan but does no damage.
Duvessa misses you. Dowan closely misses you.
You hit Duvessa.
Duvessa is lightly wounded.
Dowan closely misses you. Dowan misses you.
You catch the helpless Duvessa completely off-guard!
You hit Duvessa.
Duvessa is moderately wounded.
Duvessa hits you with a +0 short sword.
You hit Duvessa.
Duvessa is moderately wounded.
Duvessa closely misses you.
You slash Duvessa!
Duvessa is heavily wounded.
Dowan completely misses you.
Dowan hits himself with a +0 dagger.
You hit Duvessa.
Duvessa is severely wounded.
Duvessa ponders the situation.
You barely miss Duvessa.
Duvessa is severely wounded.
You completely miss Duvessa.
Duvessa is severely wounded.
Dowan misses you.
You barely miss Duvessa.
Duvessa is severely wounded.
Duvessa seems less confused.
Duvessa hits you with a +0 short sword!
* * * LOW HITPOINT WARNING * * *
Dowan shouts, "What's happening?!"
Dowan hits you with a +0 dagger.
* * * LOW HITPOINT WARNING * * *
Duvessa hits you with a +0 short sword.
You die...

#.#############
#.......e......
#.....e@#
##.####.#
#..#.# #..#.#
#..#.# ##..#.#
...#.#
#######.#.#
..........#


You could see Duvessa (fast) and Dowan (confused).

Vanquished Creatures
  Sigmund (D:4)
  A scorpion (D:4)
  A howler monkey (D:4)
  2 hounds (D:4)
  Natasha (thrice) (D:3)
  9 adders
  A worm (D:2)
  3 dart slugs
  10 ball pythons
  5 endoplasms
  4 giant cockroaches
  7 goblins
  10 hobgoblins
  2 jackals (D:1)
  7 quokkas
  7 bats
  3 frilled lizards
  7 kobolds
  A rat (D:1)
84 creatures vanquished.

Notes
Turn   | Place    | Note
-------+----------+-------------------------------------------
     0 | D:1      | pokeman the Deep Elf Hedge Wizard began the quest for the
                  | Orb.
     0 | D:1      | Reached XP level 1. HP: 10/10 MP: 7/7
   176 | D:1      | Reached XP level 2. HP: 16/16 MP: 1/9
   694 | D:1      | Reached skill level 5 in Spellcasting
  1024 | D:1      | Reached XP level 3. HP: 20/20 MP: 8/11
  1028 | D:1      | Learned a level 3 spell: Mephitic Cloud
  1031 | D:1      | Learned a level 2 spell: Call Imp
  1034 | D:1      | Learned a level 2 spell: Blink
  1493 | D:2      | Reached skill level 1 in Fighting
  1493 | D:2      | Reached skill level 1 in Armour
  1883 | D:2      | Reached XP level 4. HP: 23/25 MP: 8/13
  2765 | D:3      | Noticed Natasha
  2771 | D:3      | Killed Natasha
  2772 | D:3      | Reached XP level 5. HP: 29/29 MP: 11/15
  2905 | D:3      | Noticed Natasha
  2910 | D:3      | Killed Natasha
  2911 | D:3      | Reached skill level 6 in Spellcasting
  3136 | D:3      | Noticed Natasha
  3141 | D:3      | Killed Natasha
  3256 | D:3      | Reached skill level 1 in Poison Magic
  3490 | D:4      | Reached skill level 1 in Fire Magic
  3540 | D:4      | Reached skill level 1 in Evocations
  3545 | D:4      | Learned a level 4 spell: Dispel Undead
  3549 | D:4      | Learned a level 3 spell: Swiftness
  3619 | D:4      | Reached skill level 1 in Air Magic
  3695 | D:4      | Found a staircase to the Ecumenical Temple.
  3709 | Temple   | Entered the Ecumenical Temple
  3724 | Temple   | Became a worshipper of Vehumet
  3773 | D:4      | Noticed Sigmund
  3786 | D:4      | Killed Sigmund
  3787 | D:4      | Reached skill level 1 in Necromancy
  3787 | D:4      | Reached XP level 6. HP: 34/34 MP: 14/17
  3792 | D:4      | Reached skill level 7 in Spellcasting
  3904 | D:4      | Reached XP level 7. HP: 37/39 MP: 7/19
  4332 | D:5      | Entered Level 5 of the Dungeon
  4371 | D:5      | Noticed Duvessa
  4372 | D:5      | Noticed Dowan
  4392 | D:5      | HP: 2/40 [Dowan/+0 dagger (5)]
  4392 | D:5      | Slain by Duvessa

Illustrated notes

Levels and vault maps discovered:
D:1:      enne_arrival_octagon_isle, layout_loops_ring
D:2:      layout_basic
D:3:      layout_loops_ring, minmay_unequal, uniq_natasha
D:4:      layout_rooms, temple_fountains, minmay_misc_feat_nine_boxes,
          minivault_4, uniq_sigmund
D:5:      layout_basic, worldfamousw_hep_ancestral_shrine, uniq_duvessa,
          uniq_edmund, uniq_ijyb
Temple:   nicolae_temple_bog_church

Skill      XL: |  1  2  3  4  5  6  7 |
---------------+----------------------+-----
Spellcasting   | 5 6 7 |  7.5
Fighting       | 1 2 |  2.0
Armour         | 1 |  1.0
Conjurations   | 2 3 |  3.5
Dodging        | 3 |  3.0
Stealth        | 3 |  3.0
Poison Magic   | 1 |  1.0
Fire Magic     | 1 |  1.3
Evocations     | 1 |  1.0
Air Magic      | 1 |  1.0
Necromancy     | 1 2 |  2.0
Summonings     | |  1.1
Translocations | |  1.1

Action                     |  1- 3 |  4- 6 |  7- 9 || total
---------------------------+-------+-------+-------++-------
  Melee: Dagger            |       |     4 |       ||     4
         Falchion          |       |    18 |    14 ||    32
   Cast: Magic Dart        |   114 |   116 |    13 ||   243
         Mephitic Cloud    |       |     3 |     3 ||     6
   Stab: Confused          |       |     7 |     3 ||    10
 Armour: Robe              |     7 |    10 |    11 ||    28
  Dodge: Dodged            |    13 |    27 |    19 ||    59

Table legend: (Time is in decaauts)
 A = Elapsed time spent in this place.
 B = Non-inter-level travel time spent in this place.
 C = Inter-level travel time spent in this place.
 D = Time resting spent in this place.
 E = Time spent auto-exploring this place.
 F = Levels seen in this place.
 G = Mean time per level.
                   A        B        C        D        E       F      G
               +--------+--------+--------+--------+--------+-----+--------+
         Total |   4410 |   4304 |    106 |      0 |   3778 |   6 |  735.0 |
       Dungeon |   4375 |   4298 |     77 |      0 |   3778 |   5 |  875.0 |
        Temple |     34 |      5 |     29 |      0 |      0 |   1 |   34.0 |
               +--------+--------+--------+--------+--------+-----+--------+

Top non-repeatable levels by time:
     D:1: 1335 daAuts
     D:2: 1108 daAuts
     D:3: 1049 daAuts
     D:4: 818 daAuts
     D:5: 63 daAuts
  Temple: 34 daAuts
